 Dungeon Crawl Stone Soup version 0.29.1-13-g9f3cf754e1 (webtiles) character file.

Game seed: 1335218150352933353

43 BallerZ the Caller (level 3, 0/26 HPs)
             Began as a Demigod Summoner on Feb 8, 2023.
             Slain by a worm (9 damage)
             ... on level 2 of the Dungeon.
             The game lasted 00:12:46 (1758 turns).

BallerZ the Caller (Demigod Summoner)               Turns: 1758, Time: 00:12:46

Health: 0/26       AC:  2    Str:  9    XL:     3   Next: 20%
Magic:  5/9        EV: 12    Int: 21    God:
Gold:   88         SH:  0    Dex: 14    Spells: 5/6 levels left

rFire   . . .      SeeInvis .   h - +0 spear
rCold   . . .      Faith    .   (no shield)
rNeg    + . .      Spirit   .   a - +0 robe
rPois   .          Reflect  .   (no helmet)
rElec   .          Harm     .   (no cloak)
rCorr   .          Rampage  .   (no gloves)
Will    .....                   (no boots)
Stlth   ++........              (no amulet)
HPRegen 0.08/turn               d - ring of positive energy
MPRegen 0.11/turn               (no ring)

@: no status effects
A: high MP 1, forlorn, divine attributes
a: no special abilities


You were on level 2 of the Dungeon.
You visited 1 branch of the dungeon, and saw 2 of its levels.

You collected 88 gold pieces.

Inventory:

Hand Weapons
 e - a +0 dagger
 h - a +0 spear (weapon)
Armour
 a - a +0 robe (worn)
Jewellery
 d - a ring of positive energy (left hand)
Scrolls
 i - a scroll of blinking
 j - a scroll of torment {unknown}
 k - a scroll of poison {unknown}
 l - a scroll of enchant weapon {unknown}
 m - a scroll of fear {unknown}
Potions
 b - a potion of magic
 c - a potion of invisibility {unknown}
 f - a potion of ambrosia {unknown}
 g - 2 potions of attraction


   Skills:
 + Level 0.1 Fighting
 + Level 2.1 Dodging
 + Level 2.1 Stealth
 + Level 2.2 Spellcasting
 + Level 4.0 Summonings


You had 5 spell levels left.
You knew the following spells:

 Your Spells              Type           Power      Damage    Failure   Level
a - Summon Small Mammal   Summ           76%        N/A       2%          1

Your spell library contained the following spells:

 Spells                   Type           Power      Damage    Failure   Level
 Call Imp                 Summ           19%        N/A       4%          2
 Call Canine Familiar     Summ           19%        N/A       9%          3
 Beastly Appendage        Tmut           4%         N/A       14%         1
 Summon Guardian Golem    Hex/Summ       10%        N/A       19%         3
 Poisonous Vapours        Pois/Air       4%         N/A       22%         2
 Wereblood                Tmut           2%         N/A       22%         2
 Spider Form              Tmut/Pois      2%         N/A       41%         3
 Summon Lightning Spire   Summ/Air       10%        N/A       52%         4
 Corpse Rot               Necr/Pois/Air  2%         N/A       82%         4


Dungeon Overview and Level Annotations

Branches:
Dungeon (2/15)


Innate Abilities, Weirdness & Mutations

You have an increased reservoir of magic. (+10% MP)
You shall have no god before yourself.
Your divine heritage dramatically boosts your attributes as you level up.


Message History

The endoplasm freezes your rat.
Your rat is frozen.
Your rat dies!
Your rat's corpse disappears in a puff of smoke!
Casting: Summon Small Mammal (safe; 2% risk of failure)
Press: ? - help, Q - select action Dir - look around, f - activate The endoplasm quivers.
Casting: Summon Small Mammal (safe; 2% risk of failure)
Press: ? - help, Q - select action Dir - look around, f - activate You swap places.
Your bat hits the endoplasm.
The endoplasm dies!
You swap places.
You swap places.
The worm barely misses your quokka.
Your quokka barely misses the worm.
Your quokka bites the worm.
The worm bites your quokka!
Your quokka dies!
Your quokka's corpse disappears in a puff of smoke!
Your bat barely misses the worm.
Your bat hits the worm but does no damage.
The worm bites your bat!
Your bat dies!
Your bat's corpse disappears in a puff of smoke!
You hit the worm.
The worm is moderately wounded.
The worm completely misses you.
You hit the worm.
The worm is heavily wounded.
You barely miss the worm.
The worm is heavily wounded.
The worm misses you.
You hit the worm.
The worm is heavily wounded.
You barely miss the worm.
The worm is heavily wounded.
The worm bites you!
You hit the worm.
The worm is heavily wounded.
The worm bites you!
You die...

### .... #.. .....
#.# .......... #.#
.#....... #.#
........
##.##########.#....
#..@w....†....#..###
#########..<....>...
#.....#.....
#.†.........
#.....##....
#....###.... #....#
#.... #....# #....
#....# #....


You could see a worm.

Vanquished Creatures
  A dart slug (D:1)
  3 endoplasms (D:1)
  2 hobgoblins (D:1)
  A kobold (D:1)
  2 bats (D:1)
  2 goblins (D:1)
11 creatures vanquished.

Vanquished Creatures (collateral kills)
  An adder (D:2)
  A ball python (D:1)
  2 bats
  4 endoplasms
  A giant cockroach (D:1)
  2 goblins (D:1)
  A hobgoblin (D:1)
  A kobold (D:1)
  A quokka (D:1)
  3 rats (D:1)
17 creatures vanquished.

Grand Total: 28 creatures vanquished

Notes
Turn   | Place    | Note
-------+----------+-------------------------------------------
     0 | D:1      | BallerZ the Demigod Summoner began the quest for the Orb.
     0 | D:1      | Reached XP level 1. HP: 14/14 MP: 5/5
   176 | D:1      | Reached XP level 2. HP: 8/20 MP: 5/7
  1725 | D:2      | Reached skill level 4 in Summonings
  1725 | D:2      | Reached XP level 3. HP: 16/26 MP: 5/9
  1758 | D:2      | Slain by a worm

Illustrated notes

Levels and vault maps discovered:
D:1:      elethiomel_arrival_quiet, layout_basic,
          shapermc_ecumenical_altar_totnotflames
D:2:      layout_basic

Skill      XL: |  1  2 |
---------------+-------+-----
Dodging        | 2 |  2.1
Spellcasting   | 2 |  2.2
Stealth        | 2 |  2.1
Summonings     | 4 |  4.0
Fighting       | |  0.1

Action                   || total
-------------------------++-------
Melee: Dagger            ||    15
       Unarmed           ||     5
       Spear             ||    26
 Cast: Summon Small Mamm ||    32
  Use: Scroll            ||     2
 Stab: Sleeping          ||     1
Armor: Robe              ||    13
Dodge: Dodged            ||    58
